Map: 여명 - 래더 (공허의 유산)

Players

Maru - Winner!

  • Race: Terran Terran
  • League: Master
  • Spawn Location: 1:00

TYTY (TY)

  • Race: Terran Terran
  • League: Diamond
  • Spawn Location: 7:00

VOD

Have the link to the VOD?

Description

Time

  • Played on: Nov. 29, 2016, 5:18 a.m.
  • Length: 27:16
Show
View Real Time Build Order
Export as new Build Order

Maru Terran - Winner!

Build Orders: Reaper Expand, Bio Tank 

Get SALT Encoding   

  12  0:00  SCV  
  13  0:12  SCV  
  14  0:18  Supply Depot  
  14  0:24  SCV  
  14  0:28  Refinery  
  15  0:39  SCV  
  16  0:46  Barracks  
  16  0:51  SCV  
  17  1:03  SCV  
  18  1:15  SCV  
  19  1:32  Orbital Command  
  19  1:33  Reaper  
  20  1:46  Command Center  
  20  1:58  Factory  
  20  2:02  SCV  
  20  2:05  Barracks Reactor  
  21  2:14  SCV  
  22  2:17  Supply Depot  
  22  2:22  Refinery  
  22  2:26  SCV  
  23  2:32  Bunker  
  23  2:39  SCV  
  23  2:42  Starport  
  24  2:45  Marine  
  24  2:47  Marine  
  26  2:51  Widow Mine  
  26  2:54  SCV  
  29  3:03  Orbital Command  
  29  3:07  Marine  
  29  3:09  Marine  
  29  3:12  SCV  
  32  3:24  SCV  
  32  3:25  Marine  
  32  3:27  Marine  
  33  3:31  SCV  
  34  3:40  Viking  
  37  3:43  Marine  
  37  3:44  Marine  
  37  3:46  SCV x2  
  41  3:50  Factory Tech Lab  
  41  3:53  Supply Depot  
  39  3:58  SCV x2  
  39  4:01  Marine  
  39  4:02  Marine  
  43  4:10  Siege Tank, Starport Tech Lab  
  43  4:15  SCV x2  
  48  4:18  Supply Depot  
  48  4:26  Marine x2  
  48  4:27  SCV x2  
  48  4:28  Raven  
  54  4:34  Supply Depot  
  54  4:39  SCV x2  
  54  4:43  Command Center  
  56  4:47  Siege Tank  
  56  4:51  SCV  
  56  4:52  SCV  
  60  5:03  SCV  
  60  5:04  SCV  
  54  5:15  SCV  
  54  5:16  SCV, Refinery  
  54  5:18  Refinery  
  56  5:24  Engineering Bay  
  56  5:25  Engineering Bay  
  56  5:28  SCV, Siege Tank  
  60  5:33  SCV  
  61  5:38  Marine  
  61  5:39  Stimpack  
  57  5:44  SCV  
  57  5:47  Viking  
  57  5:49  SCV  
  57  5:55  Orbital Command  
  57  5:56  Marine  
  58  5:57  SCV  
  58  6:02  Siege Tank  
  62  6:07  Viking  
  62  6:09  SCV  
  65  6:17  Terran Infantry Weapons Level 1  
  65  6:19  Terran Infantry Armor Level 1  
  65  6:24  SCV x2  
  67  6:28  Supply Depot  
  67  6:31  Missile Turret  
  67  6:33  Barracks  
  67  6:38  Barracks  
  67  6:39  Viking  
  69  6:42  SCV  
  69  6:43  SCV  
  71  6:49  Siege Tank  
  74  6:54  Viking  
  74  6:57  SCV  
  78  7:01  SCV  
  78  7:09  SCV, Liberator  
  78  7:10  Barracks  
  78  7:11  Barracks  
  78  7:13  SCV  
  78  7:15  Marine  
  81  7:21  SCV  
  81  7:22  Barracks Reactor  
  82  7:24  Armory  
  82  7:25  SCV, Barracks Reactor  
  85  7:33  Siege Tank, SCV  
  89  7:37  SCV  
  89  7:40  Orbital Command, Supply Depot  
  89  7:42  Supply Depot  
  90  7:45  SCV  
  90  7:46  Medivac  
  90  7:47  Combat Shields  
  93  7:57  Barracks Reactor x2  
  93  8:00  Supply Depot  
  93  8:02  SCV x2  
  95  8:08  Marine x5  
  95  8:09  Missile Turret  
  95  8:12  SCV  
  101  8:14  SCV x2  
  103  8:20  Terran Infantry Weapons Level 2  
  103  8:21  Sensor Tower  
  103  8:25  Refinery  
  103  8:26  SCV x3, Marine, Refinery  
  107  8:29  Marine x4  
  111  8:36  Terran Infantry Armor Level 2  
  111  8:37  Supply Depot  
  111  8:45  Marine x5  
  111  8:47  Marine  
  117  8:51  Supply Depot  
  117  8:52  Supply Depot  
  117  8:59  SCV x3, Medivac, Marine x3  
  125  9:03  Terran Vehicle Weapons Level 1  
  125  9:04  Medivac, Marine x2  
  125  9:08  Marine x4  
  133  9:12  Siege Tank, Liberator  
  133  9:14  Supply Depot  
  133  9:16  Supply Depot  
  133  9:17  Marine x3  
  136  9:18  Liberator  
  136  9:22  Marine x2  
  141  9:26  Marine x4  
  141  9:30  Supply Depot  
  148  9:31  Supply Depot  
  148  9:34  Marine  
  148  9:35  Marine  
  153  9:40  Marine x3  
  153  9:43  Marine  
  157  9:47  Marine  
  157  9:48  Marine x2  
  157  9:50  Siege Tank  
  157  9:52  Marine  
  163  9:53  Marine  
  163  9:58  Marine  
  166  10:05  Marine x4  
  170  10:08  Factory  
  170  10:10  Supply Depot  
  170  10:11  Liberator x2  
  170  10:17  Marine  
  170  10:21  Command Center  
  170  10:27  Siege Tank, Sensor Tower  
  173  10:33  Marine x3  
  181  10:55  Marine x7  
  181  10:56  Factory Tech Lab  
  188  11:04  Liberator x2  
  162  11:19  Marine x9  
  162  11:20  Siege Tank x2  
  183  11:35  Planetary Fortress  
  183  11:37  Marine x5  
  188  11:47  Terran Infantry Weapons Level 3  
  188  11:48  Terran Infantry Armor Level 3  
  188  11:52  Siege Tank  
  185  12:02  Marine x3  
  185  12:04  Medivac x2  
  185  12:06  Marine x4  
  185  12:08  Siege Tank  
  191  12:17  Marine  
  191  12:24  Siege Tank  
  191  12:27  Marine  
  195  12:34  Medivac x2  
  187  12:56  Marine  
  187  12:57  Marine x8  
  138  13:14  Medivac x2, Marine x3  
  138  13:15  Marine x6  
  142  13:23  SCV  
  143  13:32  Marine x4  
  143  13:33  Marine x5  
  149  13:35  SCV  
  149  13:41  Orbital Command  
  150  13:43  Siege Tank x2  
  156  13:50  Marine x2  
  156  13:55  Sensor Tower  
  158  13:59  Marine x6  
  164  14:03  Marine  
  164  14:08  Marine x2  
  167  14:19  Supply Depot  
  167  14:20  Supply Depot  
  167  14:24  Sensor Tower  
  166  14:33  Marine x3  
  166  14:37  Marine  
  170  14:38  Command Center  
  170  14:44  Missile Turret  
  170  14:46  Marine x5, Missile Turret  
  170  14:50  Siege Tank  
  177  14:57  Marine x2  
  177  14:58  Medivac x2, Marine  
  182  15:25  Marine  
  170  15:32  Marine  
  170  15:33  Siege Tank x2, Marine x7  
  181  15:36  Refinery  
  181  15:37  Barracks x2, Refinery  
  181  15:39  Barracks  
  180  15:43  Marine  
  181  15:50  Marine x6  
  187  15:58  Marine  
  186  16:07  Medivac  
  186  16:08  Medivac  
  190  16:13  Marine x2  
  184  16:21  Marine x5  
  168  16:27  Marine x2  
  168  16:28  Siege Tank x2  
  168  16:30  Marine  
  168  16:31  Marine  
  178  16:37  Viking  
  178  16:38  Viking  
  178  16:39  Marine x3  
  183  16:44  Marine  
  183  16:45  Barracks Reactor x3  
  184  16:49  Refinery  
  184  16:50  Refinery  
  184  16:51  Marine x5  
  189  16:56  Marine  
  189  16:57  Marine x2  
  192  17:01  Planetary Fortress  
  192  17:06  Marine  
  193  17:09  Marine x5  
  193  17:14  Marine x2  
  200  17:29  Terran Vehicle Weapons Level 2  
  200  17:39  Missile Turret  
  200  17:44  Factory  
  200  17:47  Barracks  
  200  17:48  Barracks  
  200  17:52  Barracks  
  200  17:58  Viking  
  188  17:59  Command Center, Sensor Tower  
  188  18:04  Marine x9  
  188  18:05  Siege Tank  
  200  18:19  Marine  
  199  18:20  Marine  
  186  18:31  Marine x3  
  188  18:37  Supply Depot x2, Marine x2  
  186  19:07  Marine  
  186  19:09  Marine x3  
  168  19:10  Marine x5  
  165  19:24  Marine  
  165  19:26  Marine x2  
  165  19:27  Marine  
  169  19:38  Marine x5  
  155  19:42  Marine  
  155  19:44  Marine x2  
  155  19:45  Marine  
  158  19:47  Siege Tank x2, Marine x3  
  158  19:50  Orbital Command  
  158  19:52  Factory Tech Lab  
  167  19:56  Marine x5  
  167  19:58  Orbital Command  
  172  20:00  Marine  
  172  20:02  Marine x3, Viking x2  
  172  20:04  Marine  
  172  20:05  Marine x2  
  183  20:13  Marine  
  183  20:14  Marine x4  
  178  20:18  Marine  
  178  20:19  Siege Tank  
  178  20:20  Siege Tank, Marine x3  
  192  20:22  Marine x2  
  194  20:31  Marine  
  194  20:35  Supply Depot  
  195  20:38  Terran Vehicle Weapons Level 3  
  195  20:56  Siege Tank  
  198  21:08  Marine x2  
  200  21:17  Command Center  
  200  21:28  Viking  
  200  21:38  Command Center, Refinery x2  
  200  21:39  Command Center  
  200  21:43  Barracks Reactor x3  
  200  21:49  Building Armor  
  198  22:44  Missile Turret  
  198  22:46  Siege Tank  
  189  22:53  Missile Turret  
  189  22:55  Siege Tank x2  
  189  22:57  Marine x3  
  173  22:59  Missile Turret  
  173  23:01  Marine  
  173  23:02  Marine x8  
  167  23:16  Terran Vehicle And Ship Armor Level 1  
  167  23:22  Marine x2  
  169  23:28  Marine x8  
  169  23:29  Siege Tank x2, Marine x5  
  169  23:30  Siege Tank  
  188  23:40  Marine x2  
  184  23:45  Planetary Fortress  
  184  23:46  Marine x2  
  184  23:47  Orbital Command x2  
  186  23:51  Marine x10  
  196  24:02  Refinery x2  
  185  24:14  Medivac x2, Marine x5  
  185  24:15  Marine x4  
  195  24:23  Missile Turret  
  195  24:24  Missile Turret  
  195  24:26  Marine x5  
  198  25:02  Marine x7  
  198  25:06  Medivac, Marine x7  
  198  25:07  Medivac  
  190  25:14  Marine  
  190  25:20  Marine x6  
  174  25:33  Marine x9  
  162  25:36  Medivac  
  162  25:37  Siege Tank x2, Medivac  
  162  25:38  Siege Tank, Marine x2  
  162  25:39  Marine x2  
  170  25:49  Marine x2, Liberator  
  169  25:51  Marine x7  
  147  25:57  Marine  
  147  25:58  Marine x3  
  143  26:09  Siege Tank x2  
  143  26:10  Siege Tank, Marine  
  156  26:12  Liberator  
  150  26:20  Marine  
  148  26:30  Marine x7  
  158  26:38  Marine  
  158  26:39  Marine x5  
  164  26:41  Siege Tank  
  167  26:49  Marine x6  
  167  26:52  Marine  
Show
View Real Time Build Order
Export as new Build Order

TYTY Terran 

Build Orders: Cyclone Opening 

Get SALT Encoding   

  12  0:00  SCV  
  13  0:12  SCV  
  14  0:19  Supply Depot  
  14  0:25  SCV  
  15  0:29  Refinery  
  15  0:40  SCV  
  16  0:45  Barracks  
  16  0:52  SCV  
  16  0:55  Refinery  
  17  1:05  SCV  
  18  1:17  SCV  
  19  1:32  Factory  
  20  1:34  Reaper  
  20  1:37  Orbital Command  
  20  1:46  Supply Depot  
  20  2:02  SCV  
  20  2:06  Reaper  
  22  2:14  SCV  
  26  2:15  Cyclone  
  26  2:26  SCV  
  27  2:38  Command Center  
  27  2:40  SCV  
  27  2:42  Barracks Reactor  
  28  2:52  Starport  
  28  2:55  SCV  
  29  3:01  Supply Depot  
  29  3:02  Factory Tech Lab  
  29  3:07  SCV  
  30  3:19  SCV  
  31  3:25  Marine x2  
  31  3:30  Siege Tank  
  31  3:31  SCV  
  31  3:43  Marine x2  
  31  3:47  SCV  
  31  3:48  Medivac  
  35  4:01  Supply Depot, Marine x2  
  37  4:04  SCV  
  38  4:17  SCV  
  39  4:22  Marine x2  
  39  4:23  Siege Tank  
  44  4:27  Orbital Command  
  44  4:33  Medivac  
  44  4:34  SCV  
  47  4:40  Marine x2  
  49  4:46  SCV  
  50  4:54  SCV  
  50  4:57  Siege Tank  
  50  4:58  SCV, Marine x2  
  57  5:06  SCV  
  56  5:12  SCV  
  56  5:13  Viking  
  54  5:19  SCV  
  53  5:22  Marine  
  53  5:23  Marine  
  53  5:25  SCV  
  56  5:29  Command Center  
  56  5:33  Siege Tank  
  59  5:39  SCV x2  
  56  5:50  Marine x2  
  56  5:51  SCV x2, Refinery  
  56  5:53  Medivac  
  60  5:57  Refinery  
  60  6:03  SCV x2  
  62  6:07  Supply Depot  
  62  6:10  Supply Depot  
  62  6:28  Marine x2  
  62  6:29  SCV x2, Siege Tank, Engineering Bay x2  
  71  6:38  Starport Tech Lab  
  69  6:41  SCV  
  69  6:42  Orbital Command  
  69  6:43  SCV  
  69  6:46  Marine x2  
  73  6:53  SCV  
  74  6:55  SCV  
  74  7:01  Siege Tank  
  78  7:05  SCV  
  78  7:07  SCV  
  82  7:12  SCV  
  82  7:14  Terran Infantry Weapons Level 1, Terran Infantry Armor Level 1  
  82  7:15  Marine  
  80  7:16  Barracks, Stimpack, Starport Reactor  
  80  7:17  SCV, Barracks  
  80  7:19  SCV  
  82  7:24  SCV  
  82  7:29  SCV  
  83  7:32  SCV  
  83  7:33  Marine  
  83  7:34  Siege Tank  
  83  7:36  SCV  
  89  7:37  Supply Depot  
  89  7:41  SCV  
  89  7:42  Barracks  
  89  7:43  Barracks  
  89  7:44  SCV  
  90  7:48  SCV  
  90  7:51  Marine  
  92  7:52  Armory  
  92  7:58  Medivac x2  
  92  8:03  SCV x2  
  98  8:07  Supply Depot x2  
  98  8:08  Marine x2, Barracks Reactor, Refinery x2  
  98  8:09  Marine  
  101  8:16  Sensor Tower  
  101  8:18  Missile Turret  
  101  8:20  Missile Turret  
  101  8:24  Supply Depot  
  101  8:28  SCV x2, Siege Tank, Marine x2  
  101  8:31  SCV  
  109  8:36  Factory  
  109  8:37  Barracks Reactor  
  109  8:38  Barracks Reactor  
  109  8:41  SCV x2  
  111  8:43  SCV, Marine  
  111  8:46  Marine x2  
  115  8:52  Medivac x2  
  115  8:53  SCV  
  120  8:58  Marine x2  
  120  9:01  SCV x2, Supply Depot, Marine  
  125  9:05  Terran Vehicle Weapons Level 1  
  125  9:08  Terran Infantry Armor Level 2  
  125  9:20  Command Center  
  125  9:22  Marine  
  125  9:23  Siege Tank, Marine x5  
  133  9:24  Supply Depot  
  133  9:28  Factory Tech Lab  
  133  9:37  Marine  
  133  9:44  Marine x2  
  133  9:45  Marine x4  
  133  9:47  Supply Depot, Terran Infantry Weapons Level 2  
  133  9:48  Supply Depot  
  133  9:49  Siege Tank  
  140  9:54  Marine  
  141  10:03  Supply Depot x2  
  141  10:07  Combat Shields  
  141  10:09  Siege Tank, Medivac x2, Marine x7  
  141  10:11  SCV x2  
  157  10:24  Siege Tank  
  157  10:25  Supply Depot  
  160  10:32  Marine x6  
  160  10:34  Marine x3  
  169  10:41  Siege Tank  
  169  10:50  Marine  
  169  10:54  Marine x4  
  169  10:55  Marine x2  
  169  10:56  Siege Tank  
  175  11:00  Marine x2  
  177  11:08  Marine  
  171  11:12  Marine x3  
  171  11:16  Siege Tank  
  171  11:17  Marine x3  
  171  11:18  Marine  
  167  11:21  Marine  
  163  11:26  Marine  
  163  11:28  Siege Tank  
  163  11:30  Medivac x2, Marine x3  
  170  11:34  Barracks  
  170  11:35  Barracks, Marine  
  170  11:36  Barracks  
  170  11:37  SCV x3  
  170  11:38  Missile Turret  
  173  11:50  Marine x6  
  174  12:02  Marine x3  
  174  12:07  Medivac  
  174  12:08  Medivac  
  179  12:09  Terran Infantry Armor Level 3, Terran Infantry Weapons Level 3  
  179  12:10  Siege Tank x2  
  179  12:12  SCV x3  
  188  12:18  Marine x6  
  188  12:19  Marine  
  188  12:20  Marine  
  196  12:27  Supply Depot x2  
  192  12:40  Supply Depot  
  192  12:44  Terran Vehicle Weapons Level 2  
  190  12:51  Marine x3  
  181  12:52  Marine  
  181  12:53  Marine x2  
  165  13:05  Siege Tank  
  165  13:06  Marine x3  
  165  13:08  Marine  
  165  13:09  Marine x3  
  165  13:10  Marine  
  163  13:18  Marine  
  156  13:24  Marine x3  
  156  13:26  Marine  
  156  13:27  Marine x3  
  163  13:37  Medivac x2  
  164  13:43  Orbital Command, Siege Tank  
  164  13:44  Marine x6  
  164  13:45  Marine x3  
  176  13:55  Command Center  
  176  14:02  Marine x4  
  186  14:19  Viking x2  
  184  14:24  Siege Tank  
  184  14:31  Marine  
  187  14:41  Supply Depot  
  187  14:51  Viking  
  189  14:55  Supply Depot  
  189  14:59  Supply Depot  
  189  15:00  Barracks Reactor x2  
  189  15:01  Missile Turret  
  189  15:03  Siege Tank, Viking  
  194  15:09  Liberator  
  194  15:10  Missile Turret  
  194  15:16  Liberator  
  193  15:35  Siege Tank  
  195  15:45  Marine x3  
  195  15:48  Barracks Reactor  
  200  15:51  Factory Tech Lab  
  198  15:57  Marine  
  198  16:03  Marine  
  198  16:24  Siege Tank  
  198  16:25  Siege Tank  
  182  16:26  Viking x2, Barracks Reactor  
  186  16:33  SCV x2  
  186  16:36  Marine x6  
  186  16:37  Starport  
  191  16:41  Barracks Reactor  
  191  16:44  Missile Turret  
  191  16:48  Barracks, Missile Turret x2  
  191  16:49  Sensor Tower  
  191  16:54  Planetary Fortress  
  191  16:56  Viking  
  191  16:58  Missile Turret  
  191  16:59  Siege Tank x2  
  199  17:04  Sensor Tower  
  199  17:10  Missile Turret  
  199  17:12  Missile Turret  
  199  17:29  Marine x2  
  200  17:46  Starport Reactor  
  198  17:59  Viking  
  198  18:05  Barracks Reactor  
  178  18:48  Supply Depot  
  178  18:49  Supply Depot x2  
  177  19:09  Viking x3  
  156  19:10  Siege Tank  
  156  19:13  Factory Tech Lab  
  140  19:18  Marine x2  
  140  19:19  Marine x6  
  140  19:20  Marine x2  
  140  19:21  Viking  
  152  19:26  SCV  
  152  19:29  Marine x2  
  139  19:36  Marine x4  
  130  19:38  SCV  
  130  19:39  Siege Tank  
  130  19:42  Siege Tank  
  130  19:45  Viking x3  
  134  19:46  Command Center, Marine x6  
  144  19:54  Terran Ship Weapons Level 1  
  144  19:57  Sensor Tower  
  144  20:07  Command Center  
  144  20:10  Command Center  
  144  20:15  Liberator  
  144  20:20  Liberator  
  150  20:41  Viking x2  
  154  20:44  Refinery x2  
  154  21:20  Orbital Command x2  
  154  21:30  Orbital Command  
  153  21:37  Siege Tank  
  153  21:39  Marine x4  
  160  21:43  Marine x2  
  160  21:44  Marine x4  
  160  21:45  Refinery  
  160  21:46  Marine x2  
  168  21:49  Refinery  
  167  21:56  Marine x4  
  171  22:01  Marine x3  
  174  22:20  Siege Tank  
  174  22:22  Marine x6  
  179  22:36  Orbital Command  
  177  22:49  Marine x4  
  177  22:50  Marine x4  
  175  22:52  Marine x4  
  116  23:07  Marine x5  
  116  23:10  Orbital Command  
  121  23:13  Siege Tank  
  121  23:14  Marine  
  122  23:28  Siege Tank  
  122  23:29  Marine  
  119  23:45  Siege Tank  
  122  23:48  Refinery  
  122  23:49  Refinery  
  122  23:51  Marine x2  
  124  24:00  Siege Tank  
  124  24:01  Marine x4  
  122  24:14  Marine x2  
  122  24:15  Marine x2  
  124  24:19  Marine x3  
  124  24:20  Marine x3  
  130  24:29  Orbital Command  
  130  24:40  Marine x4  
  130  24:41  Siege Tank x2  
  140  24:52  Orbital Command  
  136  25:03  Marine x6  
  120  25:32  Siege Tank x2, Marine x2  
  120  25:33  Marine x6  
  120  25:34  Marine x2  
  107  25:49  Orbital Command  
  107  25:50  Marine x4, Missile Turret  
  107  25:51  Marine  
  101  26:00  Viking  
  89  26:12  Orbital Command  
  83  26:33  Siege Tank  
  83  26:37  Marine x4  
  83  26:39  Marine  
  91  26:42  Orbital Command x2, Marine  
  92  26:52  Marine x2  
Tags
 
Add a new tag
Caveats
  • Supply blocks, unpowered buildings, or Contaminate may cause inaccurate times.
  • Supply counts are checked every 10 seconds.